Map: Void Thrashing

Players

AznHopeful

  • Race: Zerg Zerg

Goldspike

  • Race: Terran Terran
  • Spawn Location: 6:00

VOD

Have the link to the VOD?

Description

Time

  • Played on: Jan. 24, 2018, 7:11 p.m.
  • Length: 15:56
Show
View Real Time Build Order
Export as new Build Order

AznHopeful Zerg 

Build Orders:  

Get SALT Encoding   

  12  0:04  Infested SCV  
  13  0:11  Infested SCV  
  13  0:19  Infested SCV  
  15  0:22  Infested Colonist Compound  
  15  0:30  Overlord  
  15  0:47  Infested Refinery  
  15  0:56  Infested SCV x2  
  17  1:06  Infested SCV  
  18  1:28  Infested SCV  
  19  1:51  Infested SCV, Infested Command Center  
  20  2:03  Infested SCV  
  21  2:14  Anaerobic Enhancement  
  21  2:21  Infested SCV, Infested Refinery  
  22  2:33  Infested Engineering Bay  
  22  2:37  Infested SCV  
  23  2:48  Overlord  
  23  3:13  Infested SCV x2  
  23  3:19  Broodling Gestation  
  25  3:29  Infested Barracks  
  25  3:44  Infested SCV x3  
  25  3:49  Infested SCV  
  29  4:24  Stukov Infantry Weapons Level 1  
  29  4:40  Infested SCV  
  29  4:41  Infested SCV  
  29  4:44  Infested SCV  
  29  4:47  Infested SCV  
  29  4:49  Infestation Level 1  
  33  5:07  Infested Command Center  
  33  5:10  Infested SCV  
  33  5:11  Infested SCV x5  
  39  5:25  Infested Factory  
  39  5:26  Infested Barracks Tech Lab  
  39  5:33  Infested SCV x2  
  39  5:38  Infested SCV  
  39  5:39  Infested SCV  
  43  5:43  Infested SCV  
  44  6:11  Plagued Munitions  
  44  6:17  Overlord  
  44  6:18  Overlord x3  
  44  7:04  Infestation Level 2  
  52  7:24  Infested Starport, Infested Armory  
  52  7:27  Infested Bunker  
  52  7:31  Infested Bunker  
  52  7:40  Overlord  
  56  8:14  Overlord  
  56  8:15  Overlord, Infested Bunker  
  60  8:21  Infested Bunker  
  60  8:22  Retinal Augmentation  
  60  8:24  Stukov Infantry Weapons Level 2  
  60  9:06  Infested Bunker  
  68  9:10  Infested Bunker  
  68  9:12  Infestation Level 3  
  68  9:34  Infested Bunker  
  68  9:43  Infested Bunker  
  68  9:48  Infested Bunker  
  68  9:50  Infested Bunker  
  68  9:55  Infested Bunker  
  68  9:59  Infested Bunker  
  68  10:08  Infested Bunker  
  80  10:10  Infested Bunker  
  80  10:47  Infested Bunker  
  80  10:48  Infested Bunker  
  80  10:50  Infested Bunker x2  
  80  10:54  Infested Bunker  
  80  10:55  Infested Bunker  
  80  10:58  Infested Bunker  
  88  11:00  Infested Bunker  
  88  11:47  Infested Bunker  
  88  11:48  Infested Bunker  
  100  12:34  Infested Bunker  
  100  12:35  Infested Bunker  
  100  13:11  Overseer x2  
  100  13:13  Pneumatized Carapace  
  100  13:24  Infested Bunker  
  84  14:03  Infested Bunker  
  92  14:12  Infested Bunker  
Show
View Real Time Build Order
Export as new Build Order

Goldspike Terran 

Build Orders:  

Get SALT Encoding   

Tags
 
Commander
RaynorStukov
Matchup
Co-op
Replay Pack
Co-op Speedrun
Add a new tag
Caveats
  • Supply blocks, unpowered buildings, or Contaminate may cause inaccurate times.
  • Supply counts are checked every 10 seconds.